 Dungeon Crawl Stone Soup version 0.19.4-9-g45fd643 (webtiles) character file.

122 mashimarik the Skirmisher (level 4, -13/63 HPs)
             Began as a Minotaur Berserker on Feb 15, 2017.
             Was a Believer of Trog.
             Mangled by Quirk's ghost (17 damage)
             ... on level 4 of the Dungeon.
             The game lasted 00:13:03 (1087 turns).

mashimarik the Skirmisher (Minotaur Berserker)      Turns: 1087, Time: 00:13:03

Health: -13/63     AC:  5    Str: 27    XL:     4   Next: 78%
Magic:  3/3        EV: 11    Int:  4    God:    Trog [**....]
Gold:   133        SH:  0    Dex: 10    Spells: 0 memorised, 3 levels left

rFire  . . .     SeeInvis .     a - +0 hand axe
rCold  . . .     Gourm    .     o - +0 ring mail (curse)
rNeg   . . .     Faith    .     (no shield)
rPois  .         Spirit   .     (helmet restricted)
rElec  .         Reflect  .     (no cloak)
rCorr  .         Harm     .     (no gloves)
MR     .....                    (no boots)
Stlth  ..........               (no amulet)
                                (no ring)
                                (no ring)

@: berserking (expiring), very quick
A: retaliatory headbutt, horns 2
a: Berserk, Trog's Hand, Burn Spellbooks, Renounce Religion


You were on level 4 of the Dungeon.
You worshipped Trog.
Trog was pleased with you.
You were hungry.

You visited 1 branch of the dungeon, and saw 3 of its levels.

You collected 133 gold pieces.

Inventory:

Hand Weapons
 a - a +0 hand axe (weapon)
Armour
 o - a cursed +0 ring mail (worn)
Scrolls
 b - 5 scrolls of identify {unknown}
 g - 2 scrolls of noise {unknown}
 k - a scroll of random uselessness {unknown}
 l - 2 scrolls of immolation {unknown}
 n - a scroll of enchant armour {unknown}
Potions
 d - a potion of magic {unknown}
 e - a potion of curing {unknown}
 f - 2 potions of might {unknown}
 h - a potion of lignification {unknown}
 j - a potion of brilliance {unknown}
 m - 2 potions of flight {unknown}
Comestibles
 c - a bread ration
 i - a chunk of flesh
 p - a beef jerky


   Skills:
 * Level 5.4 Fighting
 + Level 4.5 Axes
 + Level 3.6 Armour
 - Level 2.1 Dodging


You had 3 spell levels left.
You didn't know any spells.

Dungeon Overview and Level Annotations

Branches:
Dungeon (2/15)

Altars:

Annotations:
D:4 Quirk's ghost, novice DsFi


Innate Abilities, Weirdness & Mutations

You reflexively headbutt those who attack you in melee.
You have a pair of horns on your head.


Message History

You are too injured to fight recklessly!
You are too injured to fight recklessly!
You are too injured to fight recklessly!
You are too injured to fight recklessly!
Found a paperback book.
You feel a strong urge to attack something.
You slash Quirk's ghost!
Quirk's ghost is severely damaged.
Quirk's ghost hits you!
* * * LOW HITPOINT WARNING * * *
You hit Quirk's ghost.
Quirk's ghost is severely damaged.
You barely miss Quirk's ghost. Your headbutt misses Quirk's ghost.
Quirk's ghost is severely damaged.
Quirk's ghost hits you!
* * * LOW HITPOINT WARNING * * *
You hit Quirk's ghost. Your headbutt misses Quirk's ghost.
Quirk's ghost is almost destroyed.
Quirk's ghost hits you!
You die...

#......... #........#
#........# +.....?..#
########........#
#......#........#
#......#........#
#......#........########
#......####'#...@.......
#......##...#...W.......
####'####...#...........
............#...........
............#...........
............+...........
#.###+####+##..........:
#.#..............####+##
..#............†.#


You could see Quirk's ghost.

Vanquished Creatures
  A howler monkey (D:4)
  Natasha (D:4)
  An adder (D:2)
  An ooze (D:1)
  2 worms (D:2)
  2 giant cockroaches
  7 goblins
  5 hobgoblins
  3 jackals (D:2)
  7 kobolds (D:1)
  A quokka (D:1)
  3 bats (D:2)
  A frilled lizard (D:1)
  3 rats
38 creatures vanquished.

Notes
Turn   | Place    | Note
-------+----------+-------------------------------------------
     0 | D:1      | mashimarik the Minotaur Berserker began the quest for the Orb.
     0 | D:1      | Reached XP level 1. HP: 19/19 MP: 0/0
   100 | D:1      | Reached skill level 4 in Fighting
   102 | D:1      | Reached XP level 2. HP: 21/27 MP: 1/1
   653 | D:2      | Reached XP level 3. HP: 16/34 MP: 2/2
   896 | D:2      | Reached ** piety under Trog
  1002 | D:2      | You fall through a shaft for 2 floors!
  1002 | D:4      | Noticed Natasha
  1005 | D:4      | Killed Natasha
  1005 | D:4      | Reached skill level 5 in Fighting
  1005 | D:4      | Reached XP level 4. HP: 41/42 MP: 3/3
  1068 | D:4      | Noticed Quirk's ghost (novice DsFi)
  1086 | D:4      | HP: 3/63 [Quirk's ghost (7)]
  1087 | D:4      | Mangled by Quirk's ghost

Skill      XL: |  1  2  3 |
---------------+----------+-----
Fighting       | 4 5 |  5.4
Armour         | 3 |  3.6
Axes           | 4 |  4.5
Dodging        | |  2.1

Action                   |  1- 3 |  4- 6 || total
-------------------------+-------+-------++-------
Melee: Hand axe          |    85 |    17 ||   102
       Headbutt          |     8 |     1 ||     9
Invok: Berserk           |       |     1 ||     1
  Eat: Chunk             |       |     1 ||     1
Armor: Ring mail         |    34 |     2 ||    36
Dodge: Dodged            |    54 |     8 ||    62
